Map: Scythe of Amon

Players

Shadow

  • Race: Terran Terran
  • Spawn Location: 5:00

NamroodTuo

  • Race: Zerg Zerg

VOD

Have the link to the VOD?

Description

Time

  • Played on: May 1, 2023, 7:30 a.m.
  • Length: 22:36
Show
View Real Time Build Order
Export as new Build Order

Shadow Terran 

Build Orders:  

Get SALT Encoding   

  12  0:05  SCV  
  13  0:22  SCV  
  13  0:29  Supply Depot  
  14  0:36  Refinery  
  14  0:47  Refinery  
  14  0:49  SCV  
  15  1:14  Barracks  
  15  1:16  SCV  
  16  1:33  SCV  
  17  1:40  Supply Depot  
  17  1:50  SCV  
  18  2:07  SCV  
  19  2:18  Factory  
  19  2:24  SCV  
  20  2:41  SCV  
  21  2:58  SCV  
  22  3:15  SCV  
  22  3:19  Supply Depot  
  23  3:30  Starport  
  23  3:31  SCV  
  24  3:48  SCV  
  24  3:49  Starport  
  25  4:05  SCV  
  26  4:22  SCV  
  27  4:39  SCV  
  28  4:40  Fusion Core  
  28  4:53  Armory x2  
  28  4:56  SCV  
  29  5:13  SCV  
  30  6:16  Starport Reactor  
  30  6:17  Starport Reactor  
  30  6:23  Starport Tech Lab x2  
  30  6:43  Command Center  
  30  6:55  Battlecruiser  
  36  7:09  Supply Depot  
  36  7:39  Battlecruiser  
  42  7:41  Terran Vehicle and Ship Weapons Level 1, Supply Depot  
  42  7:44  Terran Vehicle And Ship Armor Level 1  
  42  8:14  Supply Depot  
  42  8:26  Weapon Refit  
  42  8:47  Supply Depot  
  42  9:19  Supply Depot  
  36  9:51  Supply Depot  
  36  9:53  Battlecruiser  
  42  10:37  Battlecruiser  
  48  11:20  SCV  
  48  11:22  Refinery  
  48  11:27  Refinery  
  49  11:37  SCV  
  49  11:39  Battlecruiser  
  56  11:54  SCV  
  57  12:11  SCV  
  58  12:23  SCV  
  58  12:28  SCV  
  60  12:39  Supply Depot  
  60  12:40  SCV, Supply Depot  
  60  12:41  Supply Depot  
  60  12:45  SCV, Supply Depot  
  60  12:46  Supply Depot  
  60  12:48  Supply Depot x2  
  62  12:52  Terran Vehicle and Ship Weapons Level 2  
  62  12:53  Terran Vehicle And Ship Armor Level 2  
  62  12:57  SCV  
  63  13:02  SCV  
  64  13:14  SCV  
  64  13:16  Supply Depot  
  64  13:19  SCV  
  66  13:22  Supply Depot x2  
  66  13:31  SCV  
  67  13:50  Battlecruiser  
  67  13:51  Battlecruiser  
  79  14:35  Battlecruiser  
  85  14:48  Battlecruiser  
  91  14:52  SCV  
  92  15:09  SCV  
  93  15:26  SCV  
  94  15:32  Battlecruiser  
  100  15:43  SCV  
  101  15:56  Battlecruiser  
  107  16:00  SCV  
  108  16:29  Terran Vehicle and Ship Weapons Level 3  
  108  17:24  Battlecruiser  
  108  17:25  Battlecruiser  
  120  18:34  SCV  
  121  18:51  SCV  
  122  19:04  Battlecruiser  
  122  19:08  SCV  
  129  19:25  SCV  
  130  19:42  SCV  
  131  19:59  SCV  
  132  20:08  Battlecruiser  
  132  20:09  Battlecruiser  
  144  20:16  SCV  
  145  20:33  SCV  
  146  20:50  SCV  
Show
View Real Time Build Order
Export as new Build Order

NamroodTuo Zerg 

Build Orders:  

Get SALT Encoding   

  18  0:04  Primal Drone  
  19  0:12  Primal Drone  
  20  0:30  Primal Drone  
  20  0:32  Primal Drone  
  20  0:33  Primal Drone  
  23  0:42  Extractor  
  23  0:48  Extractor  
  23  0:53  Primal Drone  
  23  1:54  Primal Drone  
  23  1:55  Primal Drone  
  23  1:56  Primal Drone  
  25  2:08  Primal Drone  
  25  2:09  Primal Drone  
  27  2:30  Primal Drone  
  28  2:45  Primal Drone  
  29  3:52  Primal Attacks Level 1  
  29  3:58  Primal Drone x3  
  32  4:12  Primal Warden  
  33  4:32  Primal Drone x2  
  33  4:34  Primal Drone  
  36  5:19  Glevig's Den  
  35  5:31  Primal Zergling  
  35  5:32  Primal Zergling  
  37  5:43  Primal Drone x3  
  40  6:32  Primal Carapace Level 1  
  40  7:13  Primal Hydralisk x2  
  40  7:14  Primal Hydralisk x2  
  40  7:15  Primal Hydralisk  
  50  7:46  Murvar's Den  
  49  7:50  Muscular Augments  
  43  9:12  Primal Attacks Level 2  
  43  9:13  Primal Drone x2  
  43  9:14  Primal Drone x3  
  38  11:28  Primal Hydralisk  
  40  11:39  Primal Drone x4  
  44  11:55  Dakrun's Den  
  48  12:04  Primal Hive  
  49  12:11  Primal Warden  
  50  12:20  Primal Wurm  
  50  12:25  Primal Wurm  
  52  12:59  Primal Wurm  
  52  14:28  Primal Drone x4  
  51  14:32  Primal Drone  
  52  14:51  Primal Drone x2  
  52  14:52  Primal Drone x3  
  52  14:59  Primal Hydralisk x3  
  63  15:00  Primal Hydralisk x2  
  66  16:44  Primal Drone x3  
  66  16:48  Primal Drone  
  68  16:50  Primal Drone x4  
  68  16:53  Primal Attacks Level 3  
  72  18:23  Primal Drone x3  
  72  18:24  Primal Drone x2  
  78  18:35  Primal Warden  
  79  18:42  Primal Warden  
  79  19:59  Primal Hydralisk x4  
  87  20:00  Primal Hydralisk x5  
  87  20:07  Primal Drone x2  
  87  20:08  Primal Drone x2  
  101  20:13  Primal Hydralisk  
  101  20:14  Primal Hydralisk x4  
  101  20:17  Primal Hydralisk  
  111  20:59  Primal Hydralisk  
  113  21:00  Primal Hydralisk x3  
Tags
 
Commander
DehakaRaynor
Matchup
Co-op
Replay Pack
Multiplayer
Add a new tag
Caveats
  • Supply blocks, unpowered buildings, or Contaminate may cause inaccurate times.
  • Supply counts are checked every 10 seconds.